 Seeded DCSS version 0.29.1-1-gd02db6906a (webtiles) character file.

Game seed: 8800239265270809476 (custom seed)

62 GigaChad the Trooper (level 3, -6/39 HPs)
             Began as a Troll Fighter on Sept 28, 2022.
             Mangled by an orc
             ... wielding a +0 flail
              (9 damage)
             ... on level 3 of the Dungeon.
             The game lasted 00:02:55 (921 turns).

GigaChad the Trooper (Troll Fighter)                 Turns: 921, Time: 00:02:57

Health: -6/39      AC:  4    Str: 26    XL:     3   Next: 85%
Magic:  2/2        EV:  8    Int:  9    God:
Gold:   66         SH:  7    Dex:  9    Spells: 2/2 levels left

rFire   . . .      SeeInvis +   a - +0 long sword
rCold   . . .      Faith    .   c - +0 kite shield
rNeg    . . .      Spirit   .   b - +0 robe
rPois   .          Reflect  .   (helmet restricted)
rElec   .          Harm     .   (no cloak)
rCorr   .          Rampage  .   (gloves unavailable)
Will    .....                   (boots unavailable)
Stlth   +.........              (no amulet)
HPRegen 0.93/turn               f - ring "Vyecs" {Int+5 SInv}
MPRegen 0.08/turn               (no ring)

@: no status effects
A: large, unfitting armour, claws 3, regeneration 1, shaggy fur 1, tough skin 1
a: no special abilities


You were on level 3 of the Dungeon.
You visited 1 branch of the dungeon, and saw 3 of its levels.

You collected 66 gold pieces.

Inventory:

Hand Weapons
 a - a +0 long sword (weapon)
Missiles
 o - 3 poisoned darts (quivered)
Armour
 b - a +0 robe (worn)
 c - a +0 kite shield (worn)
Jewellery
 f - the ring "Vyecs" (left claw) {Int+5 SInv}
   (You acquired it on level 1 of the Dungeon)

   [ring of see invisible]

   Int:       It affects your intelligence (+5).
   SInv:      It lets you see invisible.
Scrolls
 e - 2 scrolls of teleportation {unknown}
 j - a scroll of magic mapping {unknown}
 m - a scroll of butterflies {unknown}
 n - a scroll of identify {unknown}
Potions
 d - a potion of might
 i - a potion of heal wounds {unknown}
 k - a potion of berserk rage {unknown}
 l - 2 potions of curing {unknown}


   Skills:
 + Level 3.7 Fighting
 - Level 1.6 Long Blades
 - Level 2.5 Dodging
 - Level 2.8 Shields


You had 2 spell levels left.
You didn't know any spells.
Your spell library contained the following spells:

 Spells                   Type           Power      Damage    Failure   Level
 Sublimation of Blood     Necr           0%         N/A       83%         2
 Petrify                  Tmut/Erth      0%         N/A       100%        4
 Irradiate                Conj/Tmut      0%         3d11      100%        5


Dungeon Overview and Level Annotations

Branches:
Dungeon (3/15)

Altars:


Innate Abilities, Weirdness & Mutations

You are too large for most types of armour.
You have claws for hands.
Your natural rate of healing is unusually fast.
You are covered in fur. (AC +1)
You have tough skin. (AC +1)


Message History

A ball python comes into view.
The orc throws a boomerang.
The boomerang barely misses you.
The ball python hisses angrily.
The orc hits you but does no damage. The orc barely misses you.
You completely miss the orc. You block the orc's attack.
The orc hits you with a +0 flail.
You completely miss the orc. The orc barely misses you.
The orc hits you with a +0 flail! You block the orc's attack.
You block the ball python's attack. The ball python completely misses you.
You block the orc's attack. The orc barely misses you.
The orc hits you with a +0 flail.
You hit the dart slug but do no damage. The ball python barely misses you.
The dart slug launches a dart at you. You block the slug dart.
The orc hits you but does no damage. You block the orc's attack.
The orc hits you but does no damage.
You hit the dart slug.
The dart slug is moderately wounded.
The ball python bites you. You block the orc's attack.
The orc barely misses you. x2
The dart slug launches a dart at you. The slug dart hits you.
The ball python barely misses you. The orc hits you with a +0 flail.
The orc hits you with a +0 flail! The orc hits you but does no damage.
You hit the orc but do no damage. The ball python barely misses you.
The dart slug closely misses you. You block the ball python's attack.
The orc hits you with a +0 club. The orc barely misses you.
The orc hits you with a +0 flail!
* * * LOW HITPOINT WARNING * * *
You barely miss the orc. The ball python barely misses you.
The dart slug launches a dart at you.
The slug dart hits you but does no damage.
The orc hits you with a +0 club.
* * * LOW HITPOINT WARNING * * *
The orc hits you but does no damage. The orc barely misses you.
You block the ball python's attack. You block the dart slug's attack.
You closely miss the orc. The orc hits you with a +0 club.
* * * LOW HITPOINT WARNING * * *
The orc hits you with a +0 flail!
You die...

## ..... ##. .....#
##.. ......# #...
....... #...
....... #... ....(.
#... ...##.S###
#... #....w@.####
##..
###..ooo...######
##.
####...!......##
####
#.##.#####..###...
#....... ##..†..##
#........# #.......
#........#...######
#..........### #
#..........# #


You could see a dart slug, 3 orcs and a ball python.

Vanquished Creatures
  An adder (D:3)
  A worm (D:3)
  3 dart slugs
  An orc (D:3)
  3 ball pythons
  2 bats
  4 endoplasms
  A giant cockroach (D:2)
  4 goblins
  5 hobgoblins
  2 jackals (D:2)
  2 kobolds
  3 quokkas
  5 frilled lizards
  2 rats
39 creatures vanquished.

Notes
Turn   | Place    | Note
-------+----------+-------------------------------------------
     0 | D:1      | GigaChad the Troll Fighter began the quest for the Orb.
     0 | D:1      | Reached XP level 1. HP: 22/22 MP: 0/0
    44 | D:1      | Identified a scroll of acquirement
    44 | D:1      | Acquired the ring "Vyecs" {Int+5 SInv}
   155 | D:1      | Reached XP level 2. HP: 29/29 MP: 1/1
   246 | D:1      | You fall into a shaft and drop 1 floor!
   322 | D:2      | Reached skill level 3 in Fighting
   434 | D:2      | Reached XP level 3. HP: 37/37 MP: 2/2
   724 | D:3      | Found a faded altar of an unknown god.
   921 | D:3      | Mangled by an orc

Illustrated notes

Levels and vault maps discovered:
D:1:      minmay_arrival_widening_spiral_wide, layout_rooms,
          serial_bayou_pond_b, minmay_crystal_room, st_stairs_3
D:2:      layout_basic, hex_tiny, minmay_tetromino_o2
D:3:      layout_rooms, hellmonk_ecumenical_altar_inner_sanctum, st_stairs_8,
          grunt_ministairs_6

Skill      XL: |  1  2 |
---------------+-------+-----
Fighting       | 3 |  3.7
Long Blades    | |  1.6
Dodging        | |  2.5
Shields        | |  2.8

Action                   || total
-------------------------++-------
Melee: Long sword        ||   149
Throw: Throwing net      ||     1
  Use: Scroll            ||     3
Armor: Robe              ||    97
Dodge: Dodged            ||   128
Block: Kite shield       ||   102
